 Dungeon Crawl Stone Soup version 0.27-a0-1321-gd358eaa319 (webtiles) character file.

Game seed: 12417551795204894152

4787 BlueGoblin the Magician (level 10, -1/79 HPs)
             Began as a Gnoll Warper on June 22, 2021.
             Was a Follower of Cheibriados.
             Slain by a gnoll sergeant (2 damage)
             ... on level 8 of the Dungeon.
             The game lasted 00:32:54 (8152 turns).

BlueGoblin the Magician (Gnoll Warper)              Turns: 8152, Time: 00:32:55

Health: -1/79      AC:  3    Str: 16    XL:     10   Next: 47%
Magic:  10/21      EV: 15    Int: 20    God:    Cheibriados [*.....]
Gold:   306        SH:  0    Dex: 17    Spells: 5/23 levels left

rFire    . . .     SeeInvis .   a - +0 morningstar
rCold    + + +     Faith    .   (no shield)
rNeg     . . .     Spirit   .   x - +2 leather armour "Egroser" {*Corrode Will+ Regen+}
rPois    .         Reflect  .   (no helmet)
rElec    .         Harm     .   y - +0 cloak "Pestraxze" {*Corrode rC+++ Regen+ Slay-2}
rCorr    +         Rampage  .   (no gloves)
Will     +....                  (no boots)
Stlth    +++.......             h - amulet "Dazabece" {Regen+ rCorr Str+2 Int+4}
HPRegen  3.23/turn              (no ring)
MPRegen  0.17/turn              (no ring)

@: lethally poisoned (-1 -> -2), corroded, slowed, very slow
A: fangs 1, strong nose, distributed training
a: Renounce Religion, Bend Time


You were on level 8 of the Dungeon.
You worshipped Cheibriados.
Cheibriados was aware of your devotion.
You visited 2 branches of the dungeon, and saw 9 of its levels.

You collected 306 gold pieces.

Inventory:

Hand Weapons
 a - a +0 morningstar (weapon)
 b - a +1 dagger of electrocution
 f - a +0 mace
 k - a +0 long sword of draining
 o - a +0 hunting sling
 p - a +2 whip of freezing
 A - a +2 short sword of draining
Missiles
 j - a throwing net
 r - 2 boomerangs
 s - 26 poisoned darts
 u - 2 javelins
Armour
 d - a +0 cloak
 x - the +2 leather armour "Egroser" (worn) {*Corrode Will+ Regen+}
   (You found it on level 4 of the Dungeon)

   It increases your rate of health regeneration.
   It may corrode you when you take damage.
   It increases your willpower.
 y - the +0 cloak "Pestraxze" (worn) {*Corrode rC+++ Regen+ Slay-2}
   (You found it on level 6 of the Dungeon)

   It affects your accuracy and damage with ranged weapons and melee attacks
   (-2).
   It renders you almost immune to cold.
   It increases your rate of health regeneration.
   It may corrode you when you take damage.
 z - the +1 ring mail of the Friends {rPois rF+}
   (You found it on level 4 of the Dungeon)

   It protects you from fire.
   It protects you from poison.
Magical Staves
 m - a staff of fire
 B - a staff of conjuration
 C - a staff of air
Jewellery
 h - the amulet "Dazabece" (around neck) {Regen+ rCorr Str+2 Int+4}
   (You acquired it on level 2 of the Dungeon)

   [amulet of regeneration]

   It affects your strength (+2).
   It affects your intelligence (+4).
   It increases your rate of health regeneration.
   It protects you from acid and corrosion.
Wands
 E - a wand of acid (10)
 H - a wand of iceblast (11)
Scrolls
 c - 2 scrolls of blinking
 e - 2 scrolls of amnesia
 g - a scroll of holy word {unknown}
 l - 2 scrolls of fear
 n - 2 scrolls of noise
 F - 4 scrolls of teleportation {unknown}
 G - 2 scrolls of fog
 I - 2 scrolls of identify
Potions
 i - 6 potions of curing
 q - a potion of haste
 t - a potion of might
 v - 3 potions of heal wounds
 w - 2 potions of resistance
 D - a potion of degeneration


   Skills:
 + Level 7.1 Fighting
 + Level 5.3 Short Blades
 + Level 5.3 Long Blades
 + Level 5.3 Axes
 + Level 7.1 Maces & Flails
 + Level 5.3 Polearms
 + Level 5.3 Staves
 + Level 5.3 Slings
 + Level 5.3 Bows
 + Level 5.3 Crossbows
 + Level 6.0 Throwing
 + Level 6.0 Armour
 + Level 7.1 Dodging
 + Level 5.3 Stealth
 + Level 5.3 Shields
 + Level 5.3 Unarmed Combat
 + Level 7.4 Spellcasting
 + Level 4.4 Conjurations
 + Level 4.4 Hexes
 + Level 4.4 Summonings
 + Level 4.4 Necromancy
 + Level 7.1 Translocations
 + Level 4.4 Transmutations
 + Level 4.4 Fire Magic
 + Level 4.4 Ice Magic
 + Level 4.4 Air Magic
 + Level 4.4 Earth Magic
 + Level 4.4 Poison Magic
 + Level 5.8 Invocations
 + Level 5.3 Evocations


You had 5 spell levels left.
You knew the following spells:

 Your Spells              Type           Power      Damage    Failure   Level
a - Blink                 Tloc           N/A        N/A       1%          2
b - Teleport Other        Tloc           35%        N/A       1%          3
c - Summon Ice Beast      Ice/Summ       25%        N/A       17%         4
d - Summon Lightning Spi  Summ/Air       25%        N/A       17%         4
e - Manifold Assault      Tloc           35%        N/A       16%         5

Your spell library contained the following spells:

 Spells                   Type           Power      Damage    Failure   Level
 Summon Small Mammal      Summ           100%       N/A       1%          1
 Gell's Gravitas          Tloc           17%        N/A       1%          3
 Lesser Beckoning         Tloc           17%        N/A       1%          3
 Call Imp                 Summ           25%        N/A       2%          2
 Call Canine Familiar     Summ           25%        N/A       5%          3
 Summon Guardian Golem    Hex/Summ       25%        N/A       5%          3


Dungeon Overview and Level Annotations

Branches:
Dungeon (8/15)             Temple (1/1) D:6
   Lair: D:8-11

Altars:
Ashenzari
Cheibriados
Dithmenos
Elyvilon
Gozag
Hepliaklqana
Kikubaaqudgha
Makhleb
Okawaru
Qazlal
Ru
Sif Muna
Trog
Uskayaw
Vehumet
Wu Jian
Xom
Yredelemnul
The Shining One

Shops:
D:4 *   D:5 *   D:7 ?


Innate Abilities, Weirdness & Mutations

You have very sharp teeth.
Your uncanny sense of smell can sniff out nearby items.
Your experience applies equally to all skills.


Message History

The gnoll sergeant burns you.
You feel sick. The killer bee barely misses you.
The white imp puffs mist at you. The white imp gestures at you.
The puff of frost hits you but does no damage.
The killer bee closely misses you.
You feel sick. The killer bee barely misses you.
The orc wizard mumbles some strange words.
The orc wizard flickers and vanishes!
Deactivating autopickup; reactivate with Ctrl-A.
The kobold brigand throws a curare-tipped dart.
The curare-tipped dart hits you.
You are more poisoned.
You have difficulty breathing.
You feel yourself slow down. The killer bee closely misses you.
You feel very sick. The killer bee completely misses you.
The white imp disappears for a moment.
The killer bee barely misses you.
The kobold brigand throws a curare-tipped dart.
The curare-tipped dart hits you.
You are more poisoned.
You have difficulty breathing.
* * * LOW HITPOINT WARNING * * *
You feel as though you will be slow longer.
The killer bee stings you.
* * * LOW HITPOINT WARNING * * *
The gnoll sergeant barely misses you.
You feel extremely sick. The killer bee stings you.
* * * LOW HITPOINT WARNING * * *
Your corrosive artefact corrodes you!
You are more poisoned.
The killer bee poisons you! The killer bee stings you.
* * * LOW HITPOINT WARNING * * *
The killer bee barely misses you.
The gnoll sergeant hits you from afar with a +0 spear of flaming!
* * * LOW HITPOINT WARNING * * *
The gnoll sergeant burns you.
You die...

. ##.#.## ... ##..#..#
...###### ##..###..
........# ##..##.##.
#+#.....###..##...##
#.#.....##..#+..#..#
#.#........##..#.#..
##.#..>...### .#._.#.
######...@.......##..#.#..
#.....5Ky.........##..#..#
#.....og###........## ##
#...o.....#.........## ##.
#.....#.#.#....#'##..###..
##.....+........#......#...
#......#####....#..###.#.##
#.o....# #....#..+.....†.
#...#### #.(..#..#....###


You could see an orc warrior, a kobold brigand, a gnoll sergeant, a killer bee,
a white imp and an orc.

Vanquished Creatures
  Maggie (D:6)
  Grinder (D:3)
  4 yaks (D:4)
  Menkaure (D:6)
  3 water moccasins
  An ogre (D:5)
  2 black bears
  An ice beast (D:7)
  3 necrophages
  2 centaurs
  A bullfrog (D:6)
  2 water moccasin zombies (D:6)
  A scorpion (D:7)
  A water moccasin skeleton (D:6)
  3 wyvern skeletons (D:6)
  4 wights
  4 bullfrog zombies (D:6)
  5 centaur zombies
  A human zombie (D:4)
  7 hounds
  2 jellies (D:7)
  An orc priest (D:6)
  Crazy Yiuf (D:3)
  3 bullfrog skeletons
  4 centaur skeletons
  2 iguanas (D:5)
  An orc wizard (D:7)
  A killer bee zombie (D:6)
  A hound zombie (D:5)
  2 hound skeletons
  3 mummies (D:4)
  3 howler monkey zombies
  A howler monkey skeleton (D:5)
  14 adders
  2 white imps
  An ufetubus (D:5)
  An adder zombie (D:4)
  5 worms
  2 dart slugs
  13 orcs
  11 ball pythons
  4 bats
  10 endoplasms
  3 giant cockroaches
  5 goblins
  5 hobgoblins
  4 jackals (D:2)
  A quokka (D:2)
  3 frilled lizards
  8 kobolds
  5 rats
170 creatures vanquished.

Vanquished Creatures (collateral kills)
  Pikel (D:6)
  A troll (D:6)
  A water moccasin (D:7)
  2 lemures (D:6)
  A water moccasin zombie (D:6)
  3 wights (D:8)
  A centaur zombie (D:7)
  A bullfrog skeleton (D:6)
11 creatures vanquished.

Vanquished Creatures (others)
  2 fungi (D:3)
  3 withered plants (D:6)
5 creatures vanquished.

Grand Total: 186 creatures vanquished

Notes
Turn   | Place    | Note
-------+----------+-------------------------------------------
     0 | D:1      | BlueGoblin the Gnoll Warper began the quest for the Orb.
     0 | D:1      | Reached XP level 1. HP: 20/20 MP: 6/6
   179 | D:1      | Reached XP level 2. HP: 26/26 MP: 7/7
   877 | D:2      | Reached XP level 3. HP: 28/31 MP: 9/9
   937 | D:2      | Reached skill level 5 in Spellcasting
   999 | D:2      | Reached skill level 1 in Invocations
  1174 | D:2      | Reached skill level 1 in Short Blades
  1174 | D:2      | Reached skill level 1 in Long Blades
  1174 | D:2      | Reached skill level 1 in Axes
  1174 | D:2      | Reached skill level 1 in Polearms
  1174 | D:2      | Reached skill level 1 in Staves
  1174 | D:2      | Reached skill level 1 in Slings
  1174 | D:2      | Reached skill level 1 in Bows
  1174 | D:2      | Reached skill level 1 in Crossbows
  1174 | D:2      | Reached skill level 1 in Stealth
  1174 | D:2      | Reached skill level 1 in Shields
  1174 | D:2      | Reached skill level 1 in Unarmed Combat
  1174 | D:2      | Reached skill level 1 in Evocations
  1315 | D:2      | Reached XP level 4. HP: 33/38 MP: 11/11
  2180 | D:2      | Identified a scroll of acquirement
  2180 | D:2      | Acquired the amulet "Dazabece" {Regen+ rCorr Str+2 Int+4}
  2225 | D:3      | Reached skill level 1 in Conjurations
  2225 | D:3      | Reached skill level 1 in Hexes
  2225 | D:3      | Reached skill level 1 in Summonings
  2225 | D:3      | Reached skill level 1 in Necromancy
  2225 | D:3      | Reached skill level 1 in Transmutations
  2225 | D:3      | Reached skill level 1 in Fire Magic
  2225 | D:3      | Reached skill level 1 in Ice Magic
  2225 | D:3      | Reached skill level 1 in Air Magic
  2225 | D:3      | Reached skill level 1 in Earth Magic
  2225 | D:3      | Reached skill level 1 in Poison Magic
  2237 | D:3      | Learned a level 2 spell: Blink
  2241 | D:3      | Learned a level 3 spell: Teleport Other
  2286 | D:3      | Found a runed translucent door.
  2287 | D:3      | Noticed Crazy Yiuf
  2294 | D:3      | Killed Crazy Yiuf
  2295 | D:3      | Reached XP level 5. HP: 21/43 MP: 12/12
  2503 | D:3      | Noticed Grinder
  2511 | D:3      | Paralysed by Grinder for 2 turns
  2517 | D:3      | Killed Grinder
  2518 | D:3      | Reached skill level 5 in Fighting
  2518 | D:3      | Reached skill level 5 in Maces & Flails
  2518 | D:3      | Reached skill level 5 in Dodging
  2518 | D:3      | Reached XP level 6. HP: 27/51 MP: 14/14
  2733 | D:4      | Found Ugyzuymo's General Store.
  2848 | D:4      | Found a sacrificial altar of Ru.
  2858 | D:4      | Identified the +2 leather armour "Egroser" {*Corrode Will+
                  | Regen+}
  2894 | D:4      | Identified the +1 ring mail of the Friends {rPois rF+}
  2933 | D:4      | Noticed a yak
  2933 | D:4      | Noticed a yak
  2935 | D:4      | Noticed a yak
  2935 | D:4      | Noticed a yak
  2954 | D:4      | Killed a yak
  2955 | D:4      | Reached XP level 7. HP: 36/56 MP: 15/15
  2984 | D:4      | Killed a yak
  3043 | D:4      | Killed a yak
  3044 | D:4      | Reached XP level 8. HP: 53/63 MP: 16/16
  3050 | D:4      | Killed a yak
  3217 | D:4      | Found a basalt altar of Yredelemnul.
  3632 | D:5      | Entered Level 5 of the Dungeon
  3696 | D:5      | HP: 2/64 [ogre (26)]
  3929 | D:5      | Reached XP level 9. HP: 69/69 MP: 18/18
  4102 | D:5      | Found a broken altar of Ashenzari.
  4263 | D:5      | Found a burning altar of Makhleb.
  4428 | D:5      | Found Alyewuor's General Store.
  5000 | D:6      | Noticed Maggie
  5038 | D:6      | Killed Maggie
  5108 | D:6      | Reached skill level 5 in Throwing
  5108 | D:6      | Reached skill level 5 in Armour
  5134 | D:6      | Found a staircase to the Ecumenical Temple.
  5153 | D:6      | Found a hide-covered altar of Uskayaw.
  5443 | D:6      | Reached skill level 5 in Invocations
  5620 | Temple   | Entered the Ecumenical Temple
  5863 | Temple   | Became a worshipper of Cheibriados the Contemplative
  5898 | D:6      | Learned a level 4 spell: Summon Ice Beast
  5903 | D:6      | Learned a level 4 spell: Summon Lightning Spire
  5909 | D:6      | Learned a level 5 spell: Manifold Assault
  6038 | D:6      | Noticed a troll
  6046 | D:6      | Killed a troll
  6092 | D:6      | Noticed Menkaure
  6095 | D:6      | Killed Menkaure
  6096 | D:6      | Reached XP level 10. HP: 77/77 MP: 20/20
  6111 | D:6      | Noticed Pikel
  6125 | D:6      | Killed Pikel
  6126 | D:6      | Reached skill level 5 in Short Blades
  6126 | D:6      | Reached skill level 5 in Long Blades
  6126 | D:6      | Reached skill level 5 in Axes
  6126 | D:6      | Reached skill level 5 in Polearms
  6126 | D:6      | Reached skill level 5 in Staves
  6126 | D:6      | Reached skill level 5 in Slings
  6126 | D:6      | Reached skill level 5 in Bows
  6126 | D:6      | Reached skill level 5 in Crossbows
  6126 | D:6      | Reached skill level 5 in Stealth
  6126 | D:6      | Reached skill level 5 in Shields
  6126 | D:6      | Reached skill level 5 in Unarmed Combat
  6126 | D:6      | Reached skill level 5 in Evocations
  6219 | D:6      | Identified the +0 cloak "Pestraxze" {*Corrode rC+++ Regen+
                  | Slay-2}
  6566 | D:7      | Reached * piety under Cheibriados
  6602 | D:7      | Found Nyute's Magic Scroll Boutique.
  7449 | D:7      | Found an ancient bone altar of Kikubaaqudgha.
  7973 | D:8      | Found a glowing golden altar of the Shining One.
  8152 | D:8      | HP: 1/79 [gnoll sergeant (9)]
  8152 | D:8      | Slain by a gnoll sergeant

Illustrated notes

Levels and vault maps discovered:
D:1:      ebering_trefoil_3fold, layout_loops_ring
D:2:      layout_basic, serial_glass, glass_columns_a, glass_columns_a
D:3:      layout_rooms, uniq_grinder, uniq_crazy_yiuf_cottage
D:4:      layout_basic, nicolae_ru_awakened_eye,
          lemuel_mausoleum_altar_yredelemnul, minmay_shop_grid_forest
D:5:      layout_basic, evilmike_ruin_ashenzari, kennysheep_mini, serial_shops,
          nicolae_inconvenience_store, roderic_serpentine_path
D:6:      layout_loops_ring, nicolae_uskayaw_murder_on_the_dancefloor,
          minmay_temple_entry_arrows, serial_undead, serial_undead_b,
          serial_undead_a, serial_undead_f, serial_undead_c, serial_undead_f,
          serial_undead_f, minmay_misc_feat_chi, uniq_maggie, uniq_pikel,
          uniq_menkaure
D:7:      layout_gridville, kiku_gazebo_garden_becter, serial_shops,
          nicolae_stop_n_shop_1, wad_floor_pattern_1, grunt_decor_mini_mirrors
D:8:      layout_basic, tso_metal_star, minmay_starry_boxes
Temple:   minmay_temple_bridge_abc

Skill      XL: |  1  2  3  4  5  6  7  8  9 10 |
---------------+-------------------------------+-----
Spellcasting   | 5 6 7 |  7.4
Invocations    | 1 2 3 4 5 |  5.8
Short Blades   | 1 2 3 4 5 |  5.3
Long Blades    | 1 2 3 4 5 |  5.3
Axes           | 1 2 3 4 5 |  5.3
Polearms       | 1 2 3 4 5 |  5.3
Staves         | 1 2 3 4 5 |  5.3
Slings         | 1 2 3 4 5 |  5.3
Bows           | 1 2 3 4 5 |  5.3
Crossbows      | 1 2 3 4 5 |  5.3
Stealth        | 1 2 3 4 5 |  5.3
Shields        | 1 2 3 4 5 |  5.3
Unarmed Combat | 1 2 3 4 5 |  5.3
Evocations     | 1 2 3 4 5 |  5.3
Conjurations   | 1 2 3 4 |  4.4
Hexes          | 1 2 3 4 |  4.4
Summonings     | 1 2 3 4 |  4.4
Necromancy     | 1 2 3 4 |  4.4
Transmutations | 1 2 3 4 |  4.4
Fire Magic     | 1 2 3 4 |  4.4
Ice Magic      | 1 2 3 4 |  4.4
Air Magic      | 1 2 3 4 |  4.4
Earth Magic    | 1 2 3 4 |  4.4
Poison Magic   | 1 2 3 4 |  4.4
Fighting       | 5 6 7 |  7.1
Maces & Flails | 5 6 7 |  7.1
Throwing       | 3 4 5 6 |  6.0
Armour         | 3 4 5 6 |  6.0
Dodging        | 5 6 7 |  7.1
Translocations | 6 7 |  7.1

Action                   |  1- 3 |  4- 6 |  7- 9 | 10-12 || total
-------------------------+-------+-------+-------+-------++-------
Melee: Mace              |    52 |    10 |   104 |       ||   166
       Dagger            |    44 |   129 |   289 |    20 ||   482
       Bite              |     5 |    12 |    47 |    22 ||    86
       Punch             |       |       |    11 |     2 ||    13
       Morningstar       |       |       |    52 |   168 ||   220
Throw: Boomerang         |       |    20 |    15 |     2 ||    37
       Javelin           |       |     2 |       |       ||     2
 Cast: Teleport Other    |       |       |     3 |       ||     3
       Summon Lightning  |       |       |     3 |     6 ||     9
       Summon Ice Beast  |       |       |     1 |     3 ||     4
       Manifold Assault  |       |       |       |    19 ||    19
  Use: Scroll            |       |     5 |     9 |     1 ||    15
       Potion            |       |     1 |     1 |     1 ||     3
 Stab: Sleeping          |     1 |     2 |     9 |       ||    12
Armor: Leather armour    |    13 |    23 |   162 |    73 ||   271
Dodge: Dodged            |    58 |    95 |   351 |   190 ||   694

Table legend: (Time is in decaauts)
 A = Elapsed time spent in this place.
 B = Non-inter-level travel time spent in this place.
 C = Inter-level travel time spent in this place.
 D = Time resting spent in this place.
 E = Time spent auto-exploring this place.
 F = Levels seen in this place.
 G = Mean time per level.
                   A        B        C        D        E       F      G
               +--------+--------+--------+--------+--------+-----+--------+
         Total |   8517 |   8171 |    346 |   1237 |   4367 |   9 |  946.3 |
       Dungeon |   8238 |   7915 |    323 |   1237 |   4188 |   8 | 1029.8 |
        Temple |    279 |    256 |     23 |      0 |    179 |   1 |  279.0 |
               +--------+--------+--------+--------+--------+-----+--------+

Top non-repeatable levels by time:
     D:5: 1355 daAuts
     D:6: 1302 daAuts
     D:7: 1262 daAuts
     D:2: 1036 daAuts
     D:1: 1025 daAuts
     D:4: 912 daAuts
     D:8: 675 daAuts
     D:3: 668 daAuts
  Temple: 279 daAuts
